 Dungeon Crawl Stone Soup version 0.27.0-1-g7a089689b8 (webtiles) character file.

Game seed: 14848995648597068411

6568 dolemite99 the Geomancer (level 10, -5/88 HPs)
             Began as a Troll Earth Elementalist on Aug 6, 2021.
             Was a Priest of Hepliaklqana.
             Slain by an ice devil (10 damage)
             ... on level 8 of the Dungeon.
             The game lasted 00:18:17 (10819 turns).

dolemite99 the Geomancer (TrEE)                    Turns: 10819, Time: 00:18:18

Health: -5/88      AC:  4    Str: 27    XL:     10   Next: 70%
Magic:  2/10       EV:  9    Int: 11    God:    Hepliaklqana [***...]
Gold:   319        SH:  0    Dex: 10    Spells: 8/11 levels left

rFire    . . .     SeeInvis .     - Unarmed
rCold    + . .     Faith    +   (no shield)
rNeg     . . .     Spirit   .   b - +0 robe
rPois    .         Reflect  .   (helmet restricted)
rElec    .         Harm     .   (no cloak)
rCorr    .         Rampage  .   (gloves unavailable)
Will     .....                  (boots unavailable)
Stlth    +.........             t - amulet of faith
HPRegen  1.24/turn              g - ring of protection from cold
MPRegen  0.12/turn              o - +6 ring of strength

@: no status effects
A: reduced essence, large, unfitting armour, claws 3, regeneration 1, shaggy fur
1, tough skin 1
a: Renounce Religion, Recall Ancestor, Ancestor Identity, Transference


You were on level 8 of the Dungeon.
You worshipped Hepliaklqana.
Hepliaklqana was most pleased with you.
You visited 2 branches of the dungeon, and saw 10 of its levels.

You collected 475 gold pieces.
You spent 141 gold pieces at shops.
You donated 15 gold pieces to Zin.

Inventory:

Hand Weapons
 v - the +3 falchion "Suifram" {vorpal, rPois Will+ Str+3 Dex+3}
   (You found it on level 7 of the Dungeon)

   It inflicts extra damage upon your enemies.
   Str:       It affects your strength (+3).
   Dex:       It affects your dexterity (+3).
   rPois:     It protects you from poison.
   Will:      It increases your willpower.
 B - the +2 dagger "Kef Aluro" {vorpal, rC+ rN+ Str-2}
   (You found it on level 8 of the Dungeon)

   It inflicts extra damage upon your enemies.
   Str:       It affects your strength (-2).
   rC:        It protects you from cold.
   rN:        It protects you from negative energy.
Missiles
 h - 43 sling bullets
 j - 158 arrows
 C - 6 boomerangs (quivered)
 E - 12 stones
Armour
 b - a +0 robe (worn)
Jewellery
 g - a ring of protection from cold (left claw)
 o - a +6 ring of strength (right claw)
 t - an amulet of faith (around neck)
 y - a ring of protection from fire
 A - a +4 ring of evasion
Scrolls
 a - 3 scrolls of teleportation
 f - 3 scrolls of noise
 i - a scroll of fear
 p - a scroll of fog
 s - 2 scrolls of amnesia
 D - 2 scrolls of enchant armour
Potions
 d - a potion of ambrosia
 e - a potion of haste
 k - 5 potions of flight
 l - 2 potions of attraction
 n - 2 potions of magic
 u - 2 potions of might
 w - a potion of brilliance
 x - 2 potions of cancellation


   Skills:
 + Level 6.2 Fighting
 - Level 1.5 Dodging
 - Level 1.0 Stealth
 - Level 9.7 Unarmed Combat
 - Level 1.2 Spellcasting
 - Level 0.6 Transmutations
 - Level 10.3 Earth Magic


You had 8 spell levels left.
You knew the following spells:

 Your Spells              Type           Power      Damage    Failure   Level
a - Sandblast             Erth           46%        2d11      1%          1
b - Passwall              Tmut/Erth      10%        N/A       4%          2

Your spell library contained the following spells:

 Spells                   Type           Power      Damage    Failure   Level
 Stone Arrow              Conj/Erth      24%        3d8       12%         3
 Magic Dart               Conj           0%         1d3       32%         1
 Petrify                  Tmut/Erth      12%        N/A       32%         4
 Call Imp                 Summ           0%         N/A       43%         2
 Static Discharge         Conj/Air       0%         N/A       43%         2
 Frozen Ramparts          Ice            0%         1d2       67%         3
 Mephitic Cloud           Conj/Pois/Air  0%         N/A       67%         3
 Ice Form                 Ice/Tmut       1%         N/A       95%         4
 Dispel Undead            Necr           0%         3d6       97%         4
 Sticky Flame             Conj/Fire      0%         2d3       97%         4
 Summon Ice Beast         Ice/Summ       0%         N/A       97%         4
 Iron Shot                Conj/Erth      6%         9d2       99%         6
 Freezing Cloud           Conj/Ice/Air   0%         6-21      100%        5
 Conjure Ball Lightning   Conj/Air       0%         3x3d6     100%        6
 Discord                  Hex            0%         N/A       100%        8
 Disjunction              Tloc           0%         N/A       100%        8


Dungeon Overview and Level Annotations

Branches:
Dungeon (9/15)             Temple (1/1) D:5             Orc (0/2) D:9
   Lair: D:8-11

Altars:
Ashenzari
Cheibriados
Dithmenos
Elyvilon
Fedhas
Gozag
Hepliaklqana
Kikubaaqudgha
Makhleb
Nemelex Xobeh
Okawaru
Qazlal
Ru
Trog
Uskayaw
Vehumet
Wu Jian
Xom
Yredelemnul
Zin
The Shining One

Shops:
D:4 *(*[


Innate Abilities, Weirdness & Mutations

Your life essence is reduced to manifest your ancestor. (-10% HP)
You are too large for most types of armour.
You have claws for hands.
Your natural rate of healing is unusually fast.
You are covered in fur. (AC +1)
You have tough skin. (AC +1)


Message History

* * * LOW HITPOINT WARNING * * *
The ice devil freezes you! You resist.
* * * LOW HITPOINT WARNING * * *
You feel much better.
The ice devil hits you but does no damage.
You feel much better. The ice devil barely misses you.
You scratch the ice devil.
The ice devil is moderately wounded.
The ice devil barely misses you.
You completely miss the ice devil. Your claw misses the ice devil.
The ice devil is moderately wounded.
The white imp summons a swarm of flies.
You scratch the ice devil but do no damage.
The ice devil is moderately wounded.
The ice devil hits you! The ice devil freezes you. You resist.
You scratch the ice devil but do no damage.
The ice devil is moderately wounded.
The ice devil hits you but does no damage.
You scratch the ice devil.
The ice devil is moderately wounded.
The ice devil hits you. The ice devil freezes you. You resist.
You closely miss the ice devil.
The ice devil is moderately wounded.
The ice devil closely misses you.
You claw the ice devil!
The ice devil is severely wounded.
You closely miss the ice devil.
The ice devil is severely wounded.
The ice devil hits you! The ice devil freezes you! You resist.
* * * LOW HITPOINT WARNING * * *
You claw the ice devil!
The ice devil is severely wounded.
The ice devil hits you!
* * * LOW HITPOINT WARNING * * *
The ice devil freezes you! You resist.
* * * LOW HITPOINT WARNING * * *
You closely miss the ice devil.
The ice devil is severely wounded.
The ice devil hits you!
You die...

######....#....##..##.#...
#......#######.....##.#.._ #####
#.####....#....##..##.#.♣.
..).####.# ####.#.###....)).....
..#.##.).#######.#.###...........
#.#........................#.#...
#.####.##########.####..#..#.####
#.# ##...#######...........#.....
#.###..>..R5..5#@######.##.#...#.
#.....#.#.####5#4# #.........#.
#####.#[#.####.#5# #..##.#...#.
##..R......##>..5# #..##.......
...#######.......# #..##.#.###.
##....#.........######...........
####.#.#.###........<.....######
#.#...# #..#######.#####
#...#R###.......>..#


You could see an ice devil and 2 white imps.

Vanquished Creatures
  A two-headed ogre (D:9)
  A manticore (D:8)
  A kobold demonologist (D:5)
  Sigmund (D:5)
  2 water moccasins
  Duvessa (D:5)
  An orc warrior (D:9)
  4 sky beasts
  2 necrophages (D:7)
  6 ogres
  2 black bears
  A centaur (D:8)
  2 phantoms
  2 kobold brigands
  2 scorpions (D:6)
  Blork the orc (D:5)
  Dowan (D:5)
  A water moccasin skeleton (D:5)
  4 killer bees (D:9)
  A howler monkey (D:5)
  16 wights
  2 bullfrog zombies (D:6)
  3 centaur zombies
  3 hounds
  A human zombie (D:7)
  3 jellies
  2 orc priests
  2 iguanas
  2 bullfrog skeletons
  A centaur skeleton (D:7)
  11 orc wizards
  A killer bee zombie (D:7)
  2 hound skeletons
  2 mummies (D:7)
  Robin (D:4)
  2 gnolls (D:8)
  8 adders
  2 white imps
  2 ufetubi
  An adder zombie (D:1)
  2 dart slugs
  2 worms (D:2)
  31 orcs
  A bat zombie (D:1)
  5 endoplasms
  A giant cockroach (D:4)
  11 goblins
  9 hobgoblins
  18 jackals
  15 kobolds
  A quokka (D:2)
  7 ball pythons
  3 bats
  6 rats
216 creatures vanquished.

Vanquished Creatures (collateral kills)
  An ice devil (D:8)
  2 centaurs (D:8)
  A bullfrog (D:8)
  A killer bee (D:9)
  4 wights (D:8)
  2 centaur zombies (D:7)
  A gnoll shaman (D:8)
  An orc wizard (D:7)
  2 howler monkey zombies (D:7)
  A gnoll (D:8)
  A white imp (D:9)
  2 orcs
  3 kobolds (D:7)
22 creatures vanquished.

Vanquished Creatures (others)
  2 knights
2 creatures vanquished.

Grand Total: 240 creatures vanquished

Notes
Turn   | Place    | Note
-------+----------+-------------------------------------------
     0 | D:1      | dolemite99 the Troll Earth Elementalist began the quest for
                  | the Orb.
     0 | D:1      | Reached XP level 1. HP: 16/16 MP: 1/1
    31 | D:1      | Reached skill level 1 in Unarmed Combat
   197 | D:1      | Reached XP level 2. HP: 24/24 MP: 2/2
   287 | D:1      | Found a faded altar of an unknown god.
   295 | D:1      | Became a worshipper of Zin the Law-Giver
   295 | D:1      | Reached * piety under Zin
   835 | D:2      | Reached XP level 3. HP: 31/31 MP: 0/3
   897 | D:2      | Found an ornate altar of the Wu Jian Council.
  1852 | D:3      | Found a shimmering altar of Xom.
  1854 | D:3      | Found a shimmering altar of Xom.
  1855 | D:3      | Found a shimmering altar of Xom.
  1901 | D:3      | Reached XP level 4. HP: 39/39 MP: 2/4
  1993 | D:3      | Reached ** piety under Zin
  2379 | D:4      | Found Uklimusk's Assorted Antiques.
  2381 | D:4      | Found Josoeff's General Store.
  2381 | D:4      | Found Peiseed's Antique Armour Emporium.
  2381 | D:4      | Found Awolel Akelo's Antique Weapon Emporium.
  2382 | D:4      | Noticed an ogre
  2389 | D:4      | Killed an ogre
  2390 | D:4      | Reached skill level 5 in Unarmed Combat
  2390 | D:4      | Reached XP level 5. HP: 24/45 MP: 2/5
  2424 | D:4      | Bought a blue potion for 19 gold pieces
  2424 | D:4      | Bought a scroll labelled ADODISI BUIMO for 22 gold pieces
  2424 | D:4      | Bought a scroll labelled LETRES LALLECH for 22 gold pieces
  2555 | D:4      | Noticed a phantom
  2564 | D:4      | Killed a phantom
  2565 | D:4      | Reached XP level 6. HP: 50/53 MP: 4/6
  2900 | D:4      | Noticed Robin
  2927 | D:4      | Killed Robin
  3023 | D:4      | Found a hide-covered altar of Uskayaw.
  3129 | D:5      | Entered Level 5 of the Dungeon
  3179 | D:5      | Reached XP level 7. HP: 58/59 MP: 7/7
  3220 | D:5      | Found a stormy altar of Qazlal.
  3297 | D:5      | Noticed a kobold demonologist
  3306 | D:5      | Killed a kobold demonologist
  3356 | D:5      | Reached XP level 8. HP: 5/67 MP: 8/8
  3648 | D:5      | Reached skill level 1 in Fighting
  4054 | D:5      | Noticed Blork the orc
  4070 | D:5      | Killed Blork the orc
  4316 | D:5      | Noticed Duvessa
  4330 | D:5      | Killed Duvessa
  4414 | D:5      | Noticed Dowan
  4424 | D:5      | Killed Dowan
  4510 | D:5      | Found a staircase to the Ecumenical Temple.
  4520 | Temple   | Entered the Ecumenical Temple
  4629 | Temple   | Fell from the grace of Zin
  4629 | Temple   | Became a worshipper of Hepliaklqana the Forgotten
  4802 | D:5      | Noticed Sigmund
  4812 | D:5      | Killed Sigmund
  4813 | D:5      | Reached skill level 5 in Fighting
  4896 | D:5      | Reached XP level 9. HP: 87/88 MP: 9/9
  5201 | D:5      | Learned a level 2 spell: Passwall
  5239 | D:4      | Bought a potion of lignification for 39 gold pieces
  5241 | D:4      | Bought a potion of lignification for 39 gold pieces
  5376 | D:6      | Learned a level 1 spell: Sandblast
  5389 | D:6      | Reached skill level 3 in Earth Magic
  5709 | D:6      | Reached skill level 4 in Earth Magic
  6809 | D:6      | Reached skill level 5 in Earth Magic
  7265 | D:7      | Found a sparkling altar of Nemelex Xobeh.
  7471 | D:7      | Reached * piety under Hepliaklqana
  7477 | D:7      | Reached skill level 6 in Earth Magic
  7893 | D:7      | Identified the +3 falchion "Suifram" {vorpal, rPois Will+
                  | Str+3 Dex+3}
  8197 | D:7      | Reached ** piety under Hepliaklqana
  8198 | D:7      | Remembered your ancestor Kendra as a knight
  8368 | D:7      | Reached skill level 7 in Earth Magic
  8588 | D:7      | Found an ancient bone altar of Kikubaaqudgha.
  8924 | D:8      | Identified the +2 dagger "Kef Aluro" {vorpal, rC+ rN+
                  | Str-2}
  9134 | D:8      | Reached XP level 10. HP: 88/88 MP: 7/10
  9360 | D:8      | Reached skill level 8 in Earth Magic
  9470 | D:8      | Found a shimmering altar of Xom.
  9475 | D:8      | Got the Almanac of Confrontation and Flight
  9566 | D:8      | Noticed a manticore
  9578 | D:8      | Killed a manticore
  9771 | D:8      | Reached skill level 9 in Earth Magic
 10014 | D:8      | Found a sacrificial altar of Ru.
 10043 | D:8      | Found an iron altar of Okawaru.
 10272 | D:8      | Reached *** piety under Hepliaklqana
 10713 | D:9      | Noticed a two-headed ogre
 10726 | D:9      | Killed a two-headed ogre
 10727 | D:9      | Reached skill level 10 in Earth Magic
 10807 | D:8      | HP: 2/88 [ice devil (8)]
 10818 | D:8      | HP: 4/88 [ice devil (10)]
 10819 | D:8      | Slain by an ice devil

Illustrated notes

Levels and vault maps discovered:
D:1:      saegor_arrival_fortress, layout_basic,
          ebering_ecumenical_altar_sacrificial
D:2:      layout_basic, basic_altar, kennysheep_generic_room_15
D:3:      layout_basic, xom_redecorated
D:4:      layout_basic, kennysheep_mini_moat, grunt_ministairs_14,
          minmay_shop_grid_forest, uniq_robin
D:5:      layout_loops_ring, mainiacjoe_overflow_boulevard,
          minmay_temple_entry_hall, uniq_blork_the_orc, uniq_duvessa,
          uniq_sigmund
D:6:      layout_cave_pools, grunt_ministairs_10
D:7:      layout_basic, lemuel_mausoleum_altar_kikubaaqudgha,
          mainiacjoe_overflow_surrounded_room, nicolae_benzene_ring
D:8:      layout_loops_ring, nicolae_ru_awakened_eye, hangedman_feature_mirror
D:9:      minmay_the_grid_4x2 [minmay_the_grid_minigrid_small,
          minmay_the_grid_zigzag_pyramid, minmay_the_grid_minigrid_small_alt,
          minmay_the_grid_holed_spiral, minmay_the_grid_fan,
          minmay_the_grid_minigrid_large, minmay_the_grid_paths,
          minmay_the_grid_prize_four_corners_diamond_b], layout_cave_pools,
          minmay_orc_entry_temple_small, gammafunk_ghost_necromancy,
          hellmonk_guarded_unrand_frostbite, uniq_prince_ribbit1
Temple:   regret_index_temple_waves

Skill      XL: |  1  2  3  4  5  6  7  8  9 10 |
---------------+-------------------------------+-----
Unarmed Combat | 1 2 3 5 6 7 9 |  9.7
Fighting       | 5 6 |  6.2
Earth Magic    | 7 10 | 10.3
Dodging        | |  1.5
Stealth        | |  1.0
Spellcasting   | |  1.2
Transmutations | |  0.6

Action                   |  1- 3 |  4- 6 |  7- 9 | 10-12 || total
-------------------------+-------+-------+-------+-------++-------
Melee: Unarmed           |    80 |   126 |   166 |    61 ||   433
       Punch             |     1 |     2 |     5 |     2 ||    10
Throw: Stone             |       |       |    38 |     1 ||    39
       Boomerang         |       |       |       |    12 ||    12
 Cast: Sandblast         |    22 |    11 |   139 |    31 ||   203
       Passwall          |       |       |     1 |       ||     1
Invok: Ancestor Life: Kn |       |       |     1 |       ||     1
       Recall Ancestor   |       |       |       |     5 ||     5
Evoke: Wand              |       |       |    25 |    18 ||    43
  Use: Scroll            |     1 |     4 |     7 |     6 ||    18
       Potion            |       |       |       |     8 ||     8
 Stab: Sleeping          |       |     1 |       |       ||     1
       Distracted        |       |       |     2 |       ||     2
Armor: Robe              |    30 |    44 |    60 |    19 ||   153
       Skin              |       |       |       |    28 ||    28
Dodge: Dodged            |    30 |    44 |   115 |    36 ||   225
